PBL
BALTIMORE ORIOLES @ MINNESOTA TWINS
03/10/2051
 
TOP OF THE 1ST
Baltimore Orioles batting - Pitching for Minnesota Twins : RHP Gabriel González
Pitching: RHP Gabriel González
Batting: LHB José López 0-0: Ball
1-0: Ball
2-0: Called Strike
2-1: Ball
3-1: Base on Balls
Batting: RHB Nick Stuart 0-0: Ball
1-0: Called Strike
1-1: Ball
2-1: Foul Ball, location: 2F
2-2: SINGLE (Line Drive, 89S)
José López to second
Batting: LHB Bill Blankenship 0-0: Ball
1-0: Ball
2-0: Called Strike
2-1: Grounds into double play, 1-6-3 (Groundball, 13)
José López to third
Batting: RHB Vincente Barrón 0-0: Ground out 6-3 (Groundball, 6)
Top of the 1st over - 0 runs, 1 hit, 0 errors, 1 left on base; Baltimore 0 - Minnesota 0
BOTTOM OF THE 1ST
Minnesota Twins batting - Pitching for Baltimore Orioles : RHP José Díaz
Pitching: RHP José Díaz
Batting: LHB Joe Aitcheson 0-0: Ball
1-0: Ball
2-0: Ground out 6-3 (Groundball, 6D)
Batting: RHB Jerry Hutchison 0-0: Called Strike
0-1: Ball
1-1: Ball
2-1: Foul Ball, location: 2F
2-2: Ball
3-2: Fly out, F6 (Popup, 4MS)
Batting: LHB Scott Gaines 0-0: Ball
1-0: Called Strike
1-1: Ball
2-1: SINGLE (Groundball, 34D)
Batting: RHB Edgar Martínez 0-0: Ball
1-0: Foul Ball, location: 2F
1-1: Ball
2-1: Fielders Choice at 2nd, U4 (Groundball, 4M)
Bottom of the 1st over - 0 runs, 1 hit, 0 errors, 1 left on base; Baltimore 0 - Minnesota 0
TOP OF THE 2ND
Baltimore Orioles batting - Pitching for Minnesota Twins : RHP Gabriel González
Batting: LHB David Hernández 0-0: Ball
1-0: Ball
2-0: Called Strike
2-1: Ball
3-1: Swinging Strike
3-2: Foul Ball, location: 2F
3-2: Base on Balls
Batting: RHB Tae-sang Ch'oe 0-0: Ball
1-0: Ball
2-0: Foul Ball, location: 2F
2-1: Ball
3-1: Called Strike
3-2: Base on Balls
David Hernández to second
Batting: RHB Fernando Costa 0-0: Ball
1-0: Foul Ball, location: 2F
1-1: Ball
2-1: Foul Ball, location: 2F
2-2: Strikes out swinging
Batting: LHB Javier Rodríguez 0-0: Ball
1-0: Called Strike
1-1: Foul Ball, location: 2F
1-2: Ball
2-2: Foul Ball, location: 2F
2-2: Strikes out swinging
Batting: RHB Millard Allaire 0-0: Ball
1-0: Foul Ball, location: 2F
1-1: Ball
2-1: Foul Ball, location: 2F
2-2: Fly out, F7 (Flyball, 7S)
Top of the 2nd over - 0 runs, 0 hits, 0 errors, 2 left on base; Baltimore 0 - Minnesota 0
BOTTOM OF THE 2ND
Minnesota Twins batting - Pitching for Baltimore Orioles : RHP José Díaz
Batting: RHB Steve Lewis 0-0: SINGLE (Line Drive, 5L)
Batting: LHB Pedro Flores 0-0: Ball
Wild Pitch!
Steve Lewis to second
1-0: Ground out 6-3 (Groundball, 6)
Batting: RHB Bill McKeown 0-0: Fly out, F8 (Flyball, 8RS)
Batting: RHB Brit Cherry 0-0: Ball
1-0: Ball
2-0: Ball
3-0: Called Strike
3-1: Foul Ball, location: 2F
3-2: Strikes out swinging
Bottom of the 2nd over - 0 runs, 1 hit, 0 errors, 1 left on base; Baltimore 0 - Minnesota 0
TOP OF THE 3RD
Baltimore Orioles batting - Pitching for Minnesota Twins : RHP Gabriel González
Batting: LHB José López 0-0: SINGLE (Groundball, 4M) (infield hit)
Batting: RHB Nick Stuart 0-0: Ball
1-0: Called Strike
1-1: Ball
2-1: DOUBLE (Groundball, 5L)
José López to third
Batting: LHB Bill Blankenship 0-0: Ball
1-0: SINGLE (Line Drive, 8RS)
José López scores
Nick Stuart to third
Runner from 3rd tries for Home, SAFE, no throw by CF
Batting: RHB Vincente Barrón 0-0: Swinging Strike
0-1: Fly out, F8 (Flyball, 8LM)
Batting: LHB David Hernández 0-0: Ball
1-0: Ball
2-0: Fly out, F4 (Popup, 4MD)
Batting: RHB Tae-sang Ch'oe 0-0: Called Strike
0-1: Swinging Strike
0-2: Strikes out swinging
Top of the 3rd over - 2 runs, 3 hits, 0 errors, 1 left on base; Baltimore 2 - Minnesota 0
BOTTOM OF THE 3RD
Minnesota Twins batting - Pitching for Baltimore Orioles : RHP José Díaz
Batting: RHB Grady Martin 0-0: Ball
1-0: Called Strike
1-1: Swinging Strike
1-2: Foul Ball, location: 2F
1-2: Strikes out swinging
Batting: LHB Joe Aitcheson 0-0: Ball
1-0: Foul Ball, location: 2F
1-1: Foul Ball, location: 2F
1-2: Foul Ball, location: 2F
1-2: Ground out U3 (Groundball, 3)
Batting: RHB Jerry Hutchison 0-0: Foul Ball, location: 2F
0-1: Ball
1-1: Ball
2-1: Swinging Strike
2-2: Ball
3-2: Fly out, F9 (Flyball, 9S)
Bottom of the 3rd over - 0 runs, 0 hits, 0 errors, 0 left on base; Baltimore 2 - Minnesota 0
TOP OF THE 4TH
Baltimore Orioles batting - Pitching for Minnesota Twins : RHP Gabriel González
Batting: RHB Fernando Costa 0-0: Ball
1-0: Called Strike
1-1: Foul Ball, location: 2F
1-2: Strikes out swinging
Pitching: LHP Yoshiiku Mori
Batting: LHB Javier Rodríguez 0-0: Swinging Strike
0-1: Swinging Strike
0-2: Hit by Pitch
Batting: RHB Millard Allaire 0-0: Ball
1-0: Fly out, F8 (Flyball, 78D)
Batting: LHB José López 0-0: Ball
1-0: Ball
2-0: SINGLE (Line Drive, 8RS)
Javier Rodríguez to second
Runner from 2nd tries for 3rd, SAFE, no throw by CF
Batting: RHB Nick Stuart 0-0: Ball
1-0: Ball
2-0: Called Strike
2-1: SINGLE (Groundball, 34D)
Javier Rodríguez scores
José López to second
Runner from 2nd tries for 3rd, SAFE, no throw by RF
Batting: LHB Bill Blankenship 0-0: Ball
1-0: Ball
2-0: Called Strike
2-1: Fly out, F9 (Flyball, 9LSF)
Top of the 4th over - 1 run, 2 hits, 0 errors, 2 left on base; Baltimore 3 - Minnesota 0
BOTTOM OF THE 4TH
Minnesota Twins batting - Pitching for Baltimore Orioles : RHP José Díaz
Batting: LHB Scott Gaines 0-0: Ball
1-0: Ball
2-0: Called Strike
2-1: Ground out 4-3 (Groundball, 4)
Batting: RHB Edgar Martínez 0-0: Called Strike
0-1: Ball
1-1: SINGLE (Line Drive, 4M)
Batting: RHB Steve Lewis 0-0: Called Strike
0-1: Ball
1-1: Ball
2-1: Foul Ball, location: 2F
2-2: Foul Ball, location: 2F
2-2: Foul Ball, location: 2F
2-2: Strikes out looking
Batting: LHB Pedro Flores 0-0: Ball
1-0: Ball
2-0: Fielders Choice at 2nd, 5-4 (Groundball, 5L)
Bottom of the 4th over - 0 runs, 1 hit, 0 errors, 1 left on base; Baltimore 3 - Minnesota 0
TOP OF THE 5TH
Baltimore Orioles batting - Pitching for Minnesota Twins : LHP Yoshiiku Mori
Batting: RHB Vincente Barrón 0-0: Called Strike
0-1: Foul Ball, location: 2F
0-2: Ball
1-2: Ball
2-2: SINGLE (Groundball, 56D)
Batting: LHB David Hernández 0-0: Called Strike
0-1: Ball
1-1: Fielders Choice at 2nd, 6-4 (Groundball, 6M)
Batting: RHB Tae-sang Ch'oe 0-0: Ball
1-0: Foul Ball, location: 2F
1-1: DOUBLE (Flyball, 8LXD)
David Hernández to third
Runner from 3rd tries for Home, SAFE, throw by CF to home
Batting: RHB Fernando Costa 0-0: SINGLE (Flyball, 9LM)
Tae-sang Ch'oe to third
Batting: LHB Javier Rodríguez 0-0: Ball
1-0: Fly out, F7 (Flyball, 7LS)
Runner from 3rd tags up, SCORES, throw by LF
Batting: RHB Millard Allaire 0-0: Ball
1-0: Ball
2-0: Ball
3-0: Base on Balls
Fernando Costa to second
Batting: RHB Hoyt Perry 0-0: Fly out, F4 (Popup, 3DF)
Top of the 5th over - 2 runs, 3 hits, 0 errors, 2 left on base; Baltimore 5 - Minnesota 0
BOTTOM OF THE 5TH
Minnesota Twins batting - Pitching for Baltimore Orioles : RHP José Díaz
Pitching: RHP Jeff Johnson
Batting: RHB Bill McKeown 0-0: Called Strike
0-1: Foul Ball, location: 2F
0-2: Foul Ball, location: 2F
0-2: Foul Ball, location: 2F
0-2: Ground out 4-3 (Groundball, 4S)
Batting: RHB Brit Cherry 0-0: Foul Ball, location: 2F
0-1: Called Strike
0-2: Strikes out swinging
Batting: RHB Grady Martin 0-0: Fly out, F9 (Flyball, 89S)
Bottom of the 5th over - 0 runs, 0 hits, 0 errors, 0 left on base; Baltimore 5 - Minnesota 0
TOP OF THE 6TH
Baltimore Orioles batting - Pitching for Minnesota Twins : LHP Yoshiiku Mori
Pinch Hitting: RHB Wilbur Dunbar 0-0: Ball
1-0: Called Strike
1-1: Ball
2-1: Ball
3-1: Base on Balls
Pinch Hitting: RHB Miguel Martínez 0-0: SINGLE (Line Drive, 6M)
Wilbur Dunbar to second
Pinch Hitting: RHB Augusto Rea 0-0: Foul Ball, location: 2F
0-1: Ball
1-1: Ball
2-1: Ball
3-1: Base on Balls
Wilbur Dunbar to third
Miguel Martínez to second
Pitching: RHP Bill Martin
Pinch Hitting: LHB Augusto Torres 0-0: Swinging Strike
0-1: Ball
1-1: Swinging Strike
1-2: Strikes out swinging
Pinch Hitting: LHB Miguel Villarreal 0-0: Ball
1-0: Foul Ball, location: 2F
1-1: Foul Ball, location: 2F
1-2: SINGLE (Groundball, 4MD)
Wilbur Dunbar scores
Miguel Martínez to third
Augusto Rea to second
Runner from 3rd tries for Home, SAFE, throw by CF to home
Batting: RHB Fernando Costa 0-0: Ball
1-0: Swinging Strike
1-1: Called Strike
1-2: Strikes out swinging
Batting: LHB Javier Rodríguez 0-0: Called Strike
0-1: Ball
1-1: Called Strike
1-2: Ball
2-2: Fly out, F7 (Flyball, 78M)
Top of the 6th over - 2 runs, 2 hits, 0 errors, 2 left on base; Baltimore 7 - Minnesota 0
BOTTOM OF THE 6TH
Minnesota Twins batting - Pitching for Baltimore Orioles : RHP Jeff Johnson
Now at 1B: Augusto Rea
Now at 3B: Wilbur Dunbar
Now at SS: Augusto Torres
Now in LF: Miguel Villarreal
Now in CF: Miguel Martínez
Batting: LHB Joe Aitcheson 0-0: Called Strike
0-1: Ball
1-1: Foul Ball, location: 2F
1-2: Ball
2-2: Foul Ball, location: 2F
2-2: Ball
3-2: Foul Ball, location: 2F
3-2: Ground out 4-3 (Groundball, 34D)
Pinch Hitting: RHB Ben Montgomery 0-0: Reaches on Catchers interference
Batting: LHB Scott Gaines 0-0: Ball
Ben Montgomery steals 2nd base
1-0: Called Strike
1-1: Called Strike
Ben Montgomery steals 3rd base
1-2: Foul Ball, location: 2F
1-2: Fly out, F8 (Flyball, 8RM)
Runner from 3rd tags up, SCORES, no throw by CF
Batting: RHB Edgar Martínez 0-0: Called Strike
0-1: Called Strike
0-2: Strikes out swinging
Bottom of the 6th over - 1 run, 0 hits, 1 error, 0 left on base; Baltimore 7 - Minnesota 1
TOP OF THE 7TH
Baltimore Orioles batting - Pitching for Minnesota Twins : RHP Bill Martin
Now in LF: Ben Montgomery
Pinch Hitting: RHB Pedrag Milkovic 0-0: Ball
1-0: Foul Ball, location: 2F
1-1: Called Strike
1-2: Strikes out looking
Batting: RHB Hoyt Perry 0-0: Called Strike
0-1: Ball
1-1: Ball
2-1: Foul Ball, location: 2F
2-2: Foul Ball, location: 2F
2-2: Strikes out swinging
Batting: RHB Wilbur Dunbar 0-0: Called Strike
0-1: Foul Ball, location: 2F
0-2: Ball
1-2: Ground out 5-3 (Groundball, 56)
Top of the 7th over - 0 runs, 0 hits, 0 errors, 0 left on base; Baltimore 7 - Minnesota 1
BOTTOM OF THE 7TH
Minnesota Twins batting - Pitching for Baltimore Orioles : RHP Jeff Johnson
Now at 2B: Pedrag Milkovic
Batting: RHB Steve Lewis 0-0: Fly out, F6 (Line Drive, 6)
Batting: LHB Pedro Flores 0-0: SINGLE (Line Drive, 8LS)
Batting: RHB Bill McKeown 0-0: Fly out, F9 (Line Drive, 9D)
Batting: RHB Brit Cherry 0-0: Ball
1-0: Foul Ball, location: 2F
1-1: Foul Ball, location: 2F
1-2: Strikes out swinging
Bottom of the 7th over - 0 runs, 1 hit, 0 errors, 1 left on base; Baltimore 7 - Minnesota 1
TOP OF THE 8TH
Baltimore Orioles batting - Pitching for Minnesota Twins : RHP Bill Martin
Batting: RHB Miguel Martínez 0-0: Called Strike
0-1: Foul Ball, location: 2F
0-2: Ground out U3 (Groundball, 34S)
Batting: RHB Augusto Rea 0-0: Ball
1-0: Fly out, F6 (Line Drive, 6)
Batting: LHB Augusto Torres 0-0: Called Strike
0-1: SINGLE (Groundball, 34D)
Pitching: LHP Homer Linsday
Batting: LHB Miguel Villarreal 0-0: Ball
1-0: Ball
2-0: Called Strike
2-1: Ground out 4-3 (Groundball, 4)
Top of the 8th over - 0 runs, 1 hit, 0 errors, 1 left on base; Baltimore 7 - Minnesota 1
BOTTOM OF THE 8TH
Minnesota Twins batting - Pitching for Baltimore Orioles : RHP Jeff Johnson
Batting: RHB Grady Martin 0-0: Ball
1-0: Fly out, F8 (Flyball, 8LD)
Batting: LHB Joe Aitcheson 0-0: Ball
1-0: Ball
2-0: Foul Ball, location: 2F
2-1: Ball
3-1: Ground out 5-3 (Groundball, 56)
Batting: RHB Ben Montgomery 0-0: Foul Ball, location: 2F
0-1: Foul Ball, location: 2F
0-2: Foul Ball, location: 2F
0-2: Foul Ball, location: 2F
0-2: Ball
1-2: Strikes out swinging
Bottom of the 8th over - 0 runs, 0 hits, 0 errors, 0 left on base; Baltimore 7 - Minnesota 1
TOP OF THE 9TH
Baltimore Orioles batting - Pitching for Minnesota Twins : LHP Homer Linsday
Pinch Hitting: RHB Tomás Pérez 0-0: Ball
1-0: Ball
2-0: Ball
3-0: Called Strike
3-1: Base on Balls
Batting: LHB Javier Rodríguez 0-0: Swinging Strike
0-1: Swinging Strike
0-2: Ball
1-2: Strikes out swinging
Batting: RHB Pedrag Milkovic 0-0: Ball
1-0: Ball
2-0: Called Strike
2-1: Foul Ball, location: 2F
2-2: Ball
3-2: Base on Balls
Tomás Pérez to second
Batting: RHB Hoyt Perry 0-0: SINGLE (Groundball, 34D)
Tomás Pérez to third
Pedrag Milkovic to second
Batting: RHB Wilbur Dunbar 0-0: Ball
1-0: SINGLE (Line Drive, 8LS)
Tomás Pérez scores
Pedrag Milkovic to third
Hoyt Perry to second
Batting: RHB Miguel Martínez 0-0: Called Strike
0-1: Called Strike
0-2: Ball
1-2: Ball
2-2: Foul Ball, location: 2F
2-2: Ground out 4-3 (Groundball, 4S)
Pedrag Milkovic scores
Hoyt Perry to third
Wilbur Dunbar to second
Batting: RHB Augusto Rea 0-0: Ball
1-0: Foul Ball, location: 2F
1-1: Ball
2-1: Ground out 4-3 (Groundball, 4M)
Top of the 9th over - 2 runs, 2 hits, 0 errors, 2 left on base; Baltimore 9 - Minnesota 1
BOTTOM OF THE 9TH
Minnesota Twins batting - Pitching for Baltimore Orioles : RHP Jeff Johnson
Now at C: Tomás Pérez
Batting: RHB Akihiko Yamada 0-0: Ground out 5-3 (Groundball, 5)
Pinch Hitting: RHB Caleb Floyd 0-0: Ball
1-0: Fly out, F7 (Flyball, 7LS)
Pinch Hitting: RHB Josuke Eida 0-0: Swinging Strike
0-1: Ball
1-1: Fly out, F8 (Flyball, 8LS)
Bottom of the 9th over - 0 runs, 0 hits, 0 errors, 0 left on base; Baltimore 9 - Minnesota 1
Wednesday, September 18th, 2019 - OOTP Baseball 20.6 Build 54